 Dungeon Crawl Stone Soup version 0.24.0-123-gd5b16e6ec5 (webtiles) character file.

Game seed: 13030562682064825080, levelgen mode: deterministic

11557 Frederic the Slinger (level 12, 0/74 HPs)
             Began as a Halfling Hunter on Dec 24, 2019.
             Was a High Priest of Okawaru.
             Slain by a hell hound (3 damage)
             ... led by Azrael
             ... on level 12 of the Dungeon on Dec 31, 2019.
             The game lasted 01:45:41 (14183 turns).

Frederic the Slinger (Halfling Hunter)             Turns: 14183, Time: 01:45:42

Health: 0/74       AC: 13    Str: 15    XL:     12   Next: 9%
Magic:  0/12       EV: 15    Int: 11    God:    Okawaru [*****.]
Gold:   386        SH:  0    Dex: 20    Spells: 11/11 levels left

rFire    + . .     SeeInvis +   X - +1 hunting sling (flame)
rCold    + . .     Gourm    .   (shield restricted)
rNeg     . . .     Faith    .   v - +1 chain mail {rF+}
rPois    .         Spirit   +   F - +1 helmet {SInv}
rElec    .         Reflect  .   (no cloak)
rCorr    .         Harm     .   (no gloves)
MR       +....                  (no boots)
Stlth    +.........             p - amulet of guardian spirit
HPRegen  0.22/turn              G - ring of Miuval {+Fly rC+ Str+2 Int+2}
MPRegen  0.13/turn              I - ring of protection from magic

@: no status effects
A: small, mutation resistance 1
a: Heroism, Finesse, Renounce Religion, Evoke Flight


You were on level 12 of the Dungeon.
You worshipped Okawaru.
Okawaru was extremely pleased with you.
You were not hungry.

You visited 2 branches of the dungeon, and saw 13 of its levels.

You collected 775 gold pieces.
You spent 389 gold pieces at shops.

Inventory:

Hand Weapons
 a - a +1 hunting sling
 b - a +0 short sword
 i - a +3 dagger
 n - a +0 whip
 X - a +1 hunting sling of flaming (weapon)
Missiles
 e - 169 stones
 u - 242 arrows
 E - 62 poisoned darts
 J - 5 silver boomerangs (quivered)
 M - 32 sling bullets
 S - a boomerang of dispersal
Armour
 c - a +0 leather armour
 q - a +0 plate armour
 r - a +0 ring mail
 v - a +1 chain mail of fire resistance (worn)
 y - a +1 troll leather armour
 B - a +0 pair of gloves
 F - a +1 helmet of see invisible (worn)
 P - a +0 helmet
 R - a +0 ring mail
Jewellery
 l - an uncursed amulet of faith
 m - an uncursed ring of flight {unknown}
 p - an amulet of guardian spirit (around neck)
 C - an uncursed ring of poison resistance {unknown}
 D - an uncursed ring of protection from cold {unknown}
 G - the ring of Miuval (left hand) {+Fly rC+ Str+2 Int+2}
   (You found it on level 4 of the Dungeon)

   [ring of protection from cold]

   It affects your strength (+2).
   It affects your intelligence (+2).
   It protects you from cold.
   It lets you fly.
 I - a ring of protection from magic (right hand)
Wands
 h - a wand of digging (4)
 K - a wand of clouds (5)
 L - a wand of random effects (18)
 O - a wand of iceblast (8)
 Q - a wand of acid (15)
 U - a wand of flame (16)
 W - a wand of polymorph (10)
Scrolls
 d - 3 scrolls of remove curse
 g - 5 scrolls of magic mapping
 w - 2 scrolls of fear
Potions
 j - a potion of magic {unknown}
 k - a potion of flight {unknown}
 o - 3 potions of agility
 s - 2 potions of berserk rage
 t - a potion of invisibility {unknown}
 z - 2 potions of brilliance {unknown}
 A - 2 potions of mutation {unknown}
 H - 6 potions of might {unknown}
 N - a potion of cancellation {unknown}
 T - 5 potions of lignification {unknown}
Comestibles
 f - 15 rations


   Skills:
 - Level 4.0 Fighting
 * Level 7.1 Short Blades
 - Level 13.0(13.8) Slings
 * Level 5.7(8.4) Throwing
 + Level 7.2 Armour
 * Level 11.0 Dodging
 - Level 7.2 Stealth


You had 11 spell levels left.
You didn't know any spells.
Your spell library contained the following spells:

 Spells                   Type           Power        Failure   Level  Hunger
 Animate Skeleton         Necr           N/A          99%         1    ##.....
 Apportation              Tloc           #.....       99%         1    ##.....
 Confusing Touch          Hex            #.....       99%         1    ##.....
 Summon Small Mammal      Summ           #...         99%         1    ##.....


Dungeon Overview and Level Annotations

Branches:
Dungeon (12/15)            Temple (1/1) D:4            Lair (0/6) D:11
    Orc (0/2) D:10

Altars:
Ashenzari
Cheibriados
Dithmenos
Elyvilon
Fedhas
Gozag
Hepliaklqana
Kikubaaqudgha
Makhleb
Nemelex Xobeh
Okawaru
Qazlal
Ru
Sif Muna
Trog
Uskayaw
Vehumet
Wu Jian
Xom
Yredelemnul
Zin
The Shining One
Beogh

Shops:
D:4 [   D:10 *(   D:11 *

Annotations:
D:12 Azrael


Innate Abilities, Weirdness & Mutations

You are small and have problems with some larger weapons.
You are somewhat resistant to further mutation.


Message History

Azrael breathes fire at you.
The fireball explodes!
The fireball engulfs you! You resist.
* * * LOW HITPOINT WARNING * * *
The fireball engulfs Azrael.
Azrael resists.
You hear a bark!
You hear a shout!
Evoke which item? (* to show all) (? for menu, Esc to quit)
Aiming: Iceblast
Press: ? - help, Shift-Dir - straight line, p - Azrael The mass of ice explodes!
The iceblast engulfs Azrael!
Azrael is heavily wounded.
Azrael closely misses you.
Evoke which item? (* to show all) (? for menu, Esc to quit)
Aiming: Iceblast
Press: ? - help, Shift-Dir - straight line The mass of ice explodes!
The iceblast engulfs the hell hound.
The hell hound is heavily wounded.
Azrael bites you.
* * * LOW HITPOINT WARNING * * *
The hell hound bites you.
You die...

........#.§.§§§§§§○.#...
........###'#########...
.........(..............
........................
..K.....................
.........().............
..K..K.......######.....
....#####K#..#....##+###
....#..@h.#..#.........#
... +...h.#..#.........#
#. #.....#..#.........#
#.....#..#.........#
#######..#.........#
.........#.......###
.........'.......#
.........'.......#
.........#.......#


You could see Azrael the hell hog, a hell hound and a kobold.

Vanquished Creatures
  Erolcha (D:9)
  A manticore (D:11)
  An ugly thing (D:10)
  2 trolls
  3 hippogriffs
  A spriggan (D:7)
  A vampire (D:11)
  A wyvern (D:11)
  7 yaks
  A hungry ghost (D:11)
  Edmund (D:5)
  2 porcupines (D:11)
  9 orc warriors
  3 black bears
  An ice beast (D:10)
  6 ogres
  6 centaurs
  A phantom (D:11)
  5 crocodiles
  Blork the orc (D:6)
  2 big kobolds
  10 bullfrogs
  A wyvern zombie (D:11)
  A water moccasin zombie (D:8)
  2 scorpions
  11 killer bees
  8 howler monkeys
  4 wights (D:10)
  2 centaur zombies
  2 crimson imps
  A jelly (D:9)
  A quasit (D:11)
  2 bullfrog zombies
  2 hounds
  7 orc priests
  21 orc wizards
  A bullfrog skeleton (D:4)
  4 centaur skeletons
  6 iguanas
  5 worker ants
  A killer bee zombie (D:10)
  A hound zombie (D:8)
  6 gnolls
  17 adders
  A river rat (D:4)
  An ooze (D:7)
  2 adder zombies
  An adder skeleton (D:4)
  2 worms
  3 dart slugs
  9 leopard geckos
  64 orcs
  7 giant cockroaches
  9 goblins
  10 hobgoblins
  5 jackals
  12 kobolds
  3 quokkas
  2 ball pythons
  A ball python skeleton (D:6)
  5 bats
  9 frilled lizards
  A quokka zombie (D:5)
  9 rats
  A fungus (D:11)
329 creatures vanquished.

Vanquished Creatures (others)
  7 fungi (D:11)
  A plant (D:11)
8 creatures vanquished.

Grand Total: 337 creatures vanquished

Notes
Turn   | Place    | Note
-------+----------+-------------------------------------------
     0 | D:1      | Frederic the Halfling Hunter began the quest for the Orb.
     0 | D:1      | Reached XP level 1. HP: 14/14 MP: 1/1
   142 | D:1      | Reached skill level 6 in Slings
   259 | D:1      | Reached XP level 2. HP: 19/19 MP: 2/2
   421 | D:1      | Reached XP level 3. HP: 24/24 MP: 3/3
  1159 | D:2      | Reached XP level 4. HP: 29/29 MP: 4/4
  1472 | D:2      | Reached skill level 7 in Slings
  1728 | D:2      | Reached XP level 5. HP: 26/34 MP: 5/5
  1958 | D:3      | Reached skill level 1 in Armour
  2129 | D:3      | Reached XP level 6. HP: 41/41 MP: 6/6
  2610 | D:4      | Found a staircase to the Ecumenical Temple.
  2626 | Temple   | Entered the Ecumenical Temple
  2806 | Temple   | Became a worshipper of Warmaster Okawaru
  2899 | D:4      | Noticed an ogre
  2910 | D:4      | Reached skill level 8 in Slings
  2910 | D:4      | Reached XP level 7. HP: 42/45 MP: 7/7
  3233 | D:4      | Found Dasaseto's Armour Emporium.
  3236 | D:4      | Bought a +1 helmet of see invisible for 165 gold pieces
  3387 | D:4      | Reached * piety under Okawaru
  3399 | D:4      | Got a pitted copper ring
  3415 | D:4      | Identified the ring of Miuval {+Fly rC+ Str+2 Int+2} (You
                  | found it on level 4 of the Dungeon)
  3513 | D:4      | Reached skill level 5 in Dodging
  3657 | D:5      | Entered Level 5 of the Dungeon
  3676 | D:5      | Noticed Edmund
  3716 | D:5      | Killed Edmund
  3716 | D:5      | Reached XP level 8. HP: 37/52 MP: 8/8
  3862 | D:5      | Reached skill level 9 in Slings
  3862 | D:5      | Reached skill level 1 in Throwing
  3990 | D:5      | Found a white marble altar of Elyvilon.
  4219 | D:5      | Found a shattered altar of Ashenzari.
  4220 | D:5      | Found a burning altar of Makhleb.
  4236 | D:5      | Found a glowing golden altar of the Shining One.
  4850 | D:6      | Reached ** piety under Okawaru
  5208 | D:6      | Noticed Blork the orc
  5232 | D:6      | Killed Blork the orc
  5264 | D:6      | Reached XP level 9. HP: 58/58 MP: 9/9
  5509 | D:6      | Reached skill level 10 in Slings
  5804 | D:7      | Found a sacrificial altar of Ru.
  6011 | D:7      | Reached skill level 5 in Stealth
  6063 | D:7      | Noticed a hippogriff
  6106 | D:7      | Killed a hippogriff
  6106 | D:7      | Reached *** piety under Okawaru
  6231 | D:7      | Reached skill level 11 in Slings
  6818 | D:8      | Noticed a hippogriff
  6848 | D:8      | Killed a hippogriff
  6980 | D:7      | HP: 1/58 [orc warrior/+0 mace (14)]
  7871 | D:8      | Reached XP level 10. HP: 47/63 MP: 10/10
  8026 | D:8      | Received a gift from Okawaru
  8184 | D:8      | Found a roughly hewn altar of Beogh.
  8562 | D:9      | Reached skill level 5 in Armour
  8576 | D:9      | Reached skill level 1 in Short Blades
  8677 | D:9      | Reached **** piety under Okawaru
  8718 | D:9      | Reached skill level 12 in Slings
  9508 | D:9      | Received a gift from Okawaru
  9549 | D:9      | Noticed Erolcha
  9641 | D:9      | Killed Erolcha
  9641 | D:9      | Reached ***** piety under Okawaru
 10050 | D:10     | Entered Level 10 of the Dungeon
 10240 | D:10     | Found Qonifath's Lightly-Used Armoury.
 10324 | D:10     | Reached XP level 11. HP: 69/69 MP: 11/11
 10475 | D:10     | Reached skill level 5 in Short Blades
 10475 | D:10     | Reached skill level 13 in Slings
 10556 | D:10     | Received a gift from Okawaru
 10809 | D:10     | Found Woisch's Weapon Shoppe.
 10974 | D:10     | Reached skill level 10 in Dodging
 11075 | D:10     | Received a gift from Okawaru
 11336 | D:10     | Found a staircase to the Orcish Mines.
 11537 | D:11     | Noticed a green ugly thing
 12669 | D:11     | Found a staircase to the Lair.
 12780 | D:11     | Found a hide-covered altar of Uskayaw.
 12865 | D:11     | Found Omuatyun's Elemental Accessories.
 12870 | D:11     | Noticed a manticore
 12895 | D:11     | HP: 1/69 [manticore (16)]
 13235 | D:10     | Killed a green ugly thing
 13235 | D:10     | Reached skill level 5 in Throwing
 13654 | D:11     | Killed a manticore
 13654 | D:11     | Reached XP level 12. HP: 70/74 MP: 10/12
 13696 | D:11     | Bought a wand of digging (4) for 224 gold pieces
 14108 | D:12     | Noticed Azrael
 14173 | D:12     | HP: 1/74 [Azrael/fireball (8)]
 14176 | D:12     | Noticed Azrael
 14176 | D:12     | Azrael changed into Azrael the hell hog
 14181 | D:12     | HP: 3/74 [Azrael the hell hog/fireball (6)]
 14183 | D:12     | Slain by a hell hound

Levels and vault maps discovered:
D:1:      onia_arrival_mini_maze_b, layout_loops_corners
D:2:      layout_loops_cross, first_ration, st_stairs_6, cheibrodos_gnoll_hut
D:3:      layout_rooms, minmay_quantized
D:4:      layout_rooms, minmay_temple_entry_grid, gup_sewer_entry_bubbles,
          serial_shops, nicolae_shop_behind_doors, minmay_ruptured
D:5:      layout_loops_corners, grunt_temple_overflow_open, elyvilon_altar_5,
          uniq_edmund
D:6:      layout_loops_corners, uniq_blork_the_orc
D:7:      layout_basic, nicolae_ru_sacrificial_ziggurat, the_bakery,
          chequers_serial_rivers_micro_d
D:8:      layout_cave_pools, special_room [special_room_orc]
D:9:      layout_roguey, uniq_erolcha
D:10:     layout_grid_maze, david_orc_4, serial_shops, shop_statue,
          minmay_shop_damaged
D:11:     layout_cave_pools, due_lair_maze_entry_diamond, basic_altar,
          nicolae_elemental_shop
D:12:     layout_irregular_city, uniq_maurice, uniq_azrael
Temple:   eino_narrow_crystal_temple

Skill      XL: |  1  2  3  4  5  6  7  8  9 10 11 12 |
---------------+-------------------------------------+-----
Slings         | 6 7 8 9 11 12 13 | 13.0
Fighting       | 2 3 4 |  4.0
Dodging        | 3 4 5 6 7 9 10 11 | 11.0
Stealth        | 2 3 4 5 6 7 |  7.2
Armour         | 1 2 3 4 5 7 |  7.2
Throwing       | 2 5 |  5.7
Short Blades   | 4 6 7 |  7.1

Action                   |  1- 3 |  4- 6 |  7- 9 | 10-12 || total
-------------------------+-------+-------+-------+-------++-------
Melee: Dagger            |       |       |       |    35 ||    35
 Fire: Hunting sling     |    89 |   246 |   537 |   725 ||  1597
Throw: Boomerang         |       |       |       |   290 ||   290
Evoke: Wand              |       |       |       |     3 ||     3
  Use: Scroll            |       |       |    11 |    14 ||    25
       Potion            |       |       |       |     5 ||     5
  Eat: Chunk             |       |     6 |     5 |     5 ||    16
       Ration            |       |       |     3 |     4 ||     7
Armor: Leather armour    |     4 |       |       |       ||     4
       Ring mail         |     3 |    28 |    45 |    10 ||    86
       Troll leather arm |       |       |       |    30 ||    30
       Chain mail        |       |       |       |    67 ||    67
Dodge: Dodged            |    21 |    71 |   211 |   540 ||   843
